 Dungeon Crawl Stone Soup version 0.31-a0-542-gdc2a67831c (webtiles) character file.

Game seed: 16342546601668928451

11 Iich the Trooper (level 2, 24/24 HPs)
             Began as a Demonspawn Fighter on Aug 15, 2023.
             Got out of the dungeon alive.
             The game lasted 00:00:45 (662 turns).

Iich the Trooper (Demonspawn Fighter)                Turns: 662, Time: 00:00:45

Health: 24/24      AC:  6    Str: 16    XL:     2   Next: 17%
Magic:  2/2        EV:  9    Int:  9    God:
Gold:   51         SH:  4    Dex: 12    Spells: 1/1 levels left

rFire   . . .        a - +0 war axe
rCold   . . .        c - +0 buckler
rNeg    . . .        b - +0 scale mail
rPois   .            (helmet restricted)
rElec   .            (no cloak)
rCorr   .            (no gloves)
SInv    .            (no boots)
Will    .....        (no amulet) Stlth
                     (no ring)
HPRegen 0.24/turn    (no ring)
MPRegen 0.08/turn

%: no passive effects
@: no status effects
A: horns 1, inability to read after injury 1
a: no special abilities


You escaped.
You visited 1 branch of the dungeon, and saw 1 of its levels.

You collected 51 gold pieces.

Inventory:

Hand Weapons
 a - a +0 war axe (weapon)
Armour
 b - a +0 scale mail (worn)
 c - a +0 buckler (worn)
Scrolls
 e - 2 scrolls of enchant weapon {unknown}
Potions
 d - a potion of might


   Skills:
 + Level 3.1 Fighting
 * Level 2.2 Axes
 - Level 2.6 Armour
 + Level 0.5 Dodging
 - Level 2.6 Shields


You had one spell level left.
You didn't know any spells.
Your spell library was empty.

Dungeon Overview and Level Annotations

Branches:
Dungeon (1/15)

Altars:


Innate Abilities, Weirdness & Mutations

You have a pair of small horns on your head.
You occasionally lose the ability to read scrolls when taking damage.


Message History

You see here a +0 robe.
Key pressed, stopping explore.
No target in view!
You open the door.
A frilled lizard comes into view.
The frilled lizard hisses angrily.
A frilled lizard is nearby!
A rat comes into view.
There is an open door here.
You closely miss the frilled lizard.
The frilled lizard bites you but does no damage.
You hit the frilled lizard.
You kill the frilled lizard!
You hit the rat.
You kill the rat!
No target in view!
You now have 51 gold pieces (gained 6).
You open the door.
There is an open door here.
There is a stone staircase leading down here.
You see here a +0 short sword.
You see here a +0 short sword.
Key pressed, stopping explore.
You open the door.
There is an open door here.
f - 2 fuming ruby potions Done exploring.
It was a potion of mutation.
You feel extremely strange.
Your system partially rejects the healing effects of potions.
You feel less in control of your magic.
You feel extremely strange.
Your system completely accepts the healing effects of potions.
You regain control of your magic.
You occasionally lose the ability to read scrolls when taking damage.
Done exploring.
What level of the Dungeon? (default 1, ? - help)
There is an open door here.
There is an open door here.
There is a staircase leading out of the dungeon here.
You have escaped!

..........#.#.................##.
...#.######.#.................##.
...+....###.#..PPPPP...PPPPP..###
...#.##.....#..P...........P..###
...#.########..P..♣.....♣..P..#..
####.# #..P...........P..#.. #
#.# #..######'######..#.. # #.#
#..#...#...#...#..#.. # #.#
#..#@..'...'...#..#.# # ##+####
#..#######.#...#..#.# # #.....#
#..#.....#.#...#..#.. # #.....#
#..#.....'.#####..##. # #.....#
#..#.....#.'...#..##. #.....#
#..#.....#.#.⌠⌠#..##. #.....#
#..#############..##.
#####'#######.................##.
...........................##....


There were no monsters in sight!

Vanquished Creatures
  2 giant cockroaches (D:1)
  2 goblins (D:1)
  A hobgoblin (D:1)
  2 kobolds (D:1)
  A frilled lizard (D:1)
  2 rats (D:1)
10 creatures vanquished.

Notes
Turn   | Place    | Note
-------+----------+-------------------------------------------
     0 | D:1      | Iich the Demonspawn Fighter began the quest for the Orb.
     0 | D:1      | Reached XP level 1. HP: 18/18 MP: 1/1
   343 | D:1      | Gained mutation: You have a pair of small horns on your
                  | head. [demonic ancestry]
   343 | D:1      | Reached XP level 2. HP: 24/24 MP: 2/2
   620 | D:1      | Gained mutation: Potions are less effective at restoring
                  | your health. [potion of mutation]
   620 | D:1      | Gained mutation: Your spells are a little harder to cast,
                  | but a little more powerful. [potion of mutation]
   621 | D:1      | Lost mutation: Potions are less effective at restoring your
                  | health. [potion of mutation]
   621 | D:1      | Lost mutation: Your spells are a little harder to cast, but
                  | a little more powerful. [potion of mutation]
   621 | D:1      | Gained mutation: You occasionally lose the ability to read
                  | scrolls when taking damage. [potion of mutation]
   662 | D:$      | Got out of the dungeon alive.

Illustrated notes

Levels and vault maps discovered:
D:1:      evilmike_arrival_home_sweet_home, layout_basic

Skill      XL: |  1 |
---------------+----+-----
Axes           | 2 |  2.2
Fighting       | |  3.1
Armour         | |  2.6
Dodging        | |  0.5
Shields        | |  2.6

Action                     || total
---------------------------++-------
  Melee: War axe           ||    35
    Use: Potion            ||     2
 Armour: Scale mail        ||    13
  Dodge: Dodged            ||    16
  Block: Buckler           ||     8

Table legend: (Time is in decaauts)
 A = Elapsed time spent in this place.
 B = Non-inter-level travel time spent in this place.
 C = Inter-level travel time spent in this place.
 D = Time resting spent in this place.
 E = Time spent auto-exploring this place.
 F = Levels seen in this place.
 G = Mean time per level.
                   A        B        C        D        E       F      G
               +--------+--------+--------+--------+--------+-----+--------+
         Total |    677 |    638 |     39 |      0 |    555 |   1 |  677.0 |
       Dungeon |    677 |    638 |     39 |      0 |    555 |   1 |  677.0 |
               +--------+--------+--------+--------+--------+-----+--------+

Top non-repeatable levels by time:
     D:1: 677 daAuts
